[Event "Ajuinentornooi Aalst 2022"]
[Site "?"]
[Date "2022.06.01"]
[Round "8"]
[White "Goormachtigh, Johan"]
[Black "Roos, Adrian"]
[Result "1/2-1/2"]
[ECO "D24"]
[WhiteElo "2148"]
[BlackElo "2302"]
[PlyCount "71"]
[EventDate "2022.??.??"]
[TimeControl "240+2"]

{600MB, Fritz10.ctg} 1. d4 Nf6 2. c4 e6 3. Nf3 d5 4. Nc3 dxc4 5. e4 Bb4 6. Bxc4
Nxe4 7. O-O Nxc3 8. bxc3 Be7 9. Re1 O-O 10. Ne5 Nc6 11. Nxc6 bxc6 12. Qf3 Rb8
13. Qxc6 Bb7 14. Qa4 Bd6 15. Bf1 c5 16. dxc5 Bxc5 17. Be3 Qe7 18. Rad1 Rfd8 19.
Bxc5 Qxc5 20. Qb4 Qc7 21. Rxd8+ Rxd8 22. c4 g6 23. Rb1 Be4 24. Rc1 Rd4 25. g3
Qd8 26. Qc3 Rd2 27. Qe3 Rd4 28. h4 Bc6 29. Bg2 Bxg2 30. Kxg2 Qd6 31. c5 Qc6+
32. Kh2 Rd5 33. Qc3 e5 34. Qe3 Kg7 35. Qc3 h6 36. Qe3 1/2-1/2

[Event "Ajuinentornooi Aalst 2022"]
[Site "?"]
[Date "2022.06.01"]
[Round "8"]
[White "Dgebuadze, Alexandre"]
[Black "Roelandt, Andreas"]
[Result "1-0"]
[ECO "A28"]
[WhiteElo "2465"]
[BlackElo "1873"]
[PlyCount "73"]
[EventDate "2022.??.??"]
[TimeControl "240+2"]

{600MB, Fritz10.ctg} 1. c4 e5 2. e3 Nf6 3. Nc3 d5 4. cxd5 Nxd5 5. Nf3 Nc6 6.
Qc2 Be7 7. a3 Be6 8. Bb5 f6 9. d4 Nxc3 10. bxc3 O-O 11. Bb2 Na5 12. Bd3 h6 13.
dxe5 Nc4 14. Rd1 Qc8 15. exf6 Bxf6 16. Bc1 c5 17. O-O Qc6 18. Nd2 Ne5 19. Be4
Qa6 20. f4 Nc4 21. Nxc4 Bxc4 22. Bd5+ Bxd5 23. Rxd5 Qc4 24. Rfd1 Rad8 25. Qd3
Qb3 26. c4 Qa4 27. Bb2 Qc6 28. Bxf6 Rxd5 29. cxd5 Qxf6 30. d6 b6 31. h3 g5 32.
d7 Rd8 33. fxg5 Qxg5 34. Qe4 Kg7 35. Rd6 c4 36. h4 Qh5 37. Qe7+ 1-0

[Event "Ajuinentornooi Aalst 2022"]
[Site "?"]
[Date "2022.06.01"]
[Round "8"]
[White "Boodts, Jeroen"]
[Black "Willockx, Ritsaart"]
[Result "1/2-1/2"]
[ECO "B06"]
[WhiteElo "1868"]
[BlackElo "1937"]
[PlyCount "38"]
[EventDate "2022.??.??"]
[TimeControl "240+2"]

{600MB, Fritz10.ctg} 1. e4 g6 2. Nf3 Bg7 3. g3 d5 4. exd5 Nf6 5. Bg2 Nxd5 6.
O-O O-O 7. d3 c5 8. c3 Nc6 9. Nbd2 b6 10. Re1 Bb7 11. Nc4 Qc7 12. h4 b5 13. Ne3
Nf6 14. a4 a6 15. axb5 axb5 16. Rxa8 Bxa8 17. Qb3 Qb6 18. Nc4 Qa6 19. Nce5 Nxe5
1/2-1/2

[Event "Ajuinentornooi Aalst 2022"]
[Site "?"]
[Date "2022.06.01"]
[Round "8"]
[White "De Blende, Nando"]
[Black "Poelman, Geoffrey"]
[Result "0-1"]
[ECO "C45"]
[WhiteElo "2004"]
[BlackElo "1887"]
[PlyCount "50"]
[EventDate "2022.??.??"]
[TimeControl "240+2"]

{600MB, Fritz10.ctg} 1. e4 e5 2. Nf3 Nc6 3. d4 exd4 4. Nxd4 Bc5 5. Nb3 Bb6 6.
Nc3 Nf6 7. Bg5 h6 8. Bf4 d6 9. Qd2 a5 10. Bb5 a4 11. Nxa4 Nxe4 12. Qe2 Bxf2+
13. Kf1 d5 14. Nc3 Bb6 15. Nxe4 dxe4 16. Qxe4+ Kf8 17. Be3 Qf6+ 18. Ke2 Bf5 19.
Qc4 Re8 20. Nc5 Qe5 21. Rhf1 Bxc5 22. g4 Qxe3+ 23. Kd1 Rd8+ 24. Qd3 Bxg4+ 25.
Rf3 Bxf3# 0-1

[Event "Ajuinentornooi Aalst 2022"]
[Site "?"]
[Date "2022.06.01"]
[Round "8"]
[White "Mannaert, Erwin"]
[Black "Van De Putte, Ben"]
[Result "0-1"]
[ECO "A43"]
[WhiteElo "1896"]
[BlackElo "1704"]
[PlyCount "96"]
[EventDate "2022.??.??"]
[TimeControl "240+2"]

{600MB, Fritz10.ctg} 1. d4 c5 2. dxc5 Qa5+ 3. Nc3 e6 4. Bf4 Bxc5 5. e3 Bb4 6.
Nge2 Nf6 7. a3 Bxc3+ 8. Nxc3 Nd5 9. b4 Nxc3 10. Qd4 Qd5 11. Qxc3 O-O 12. Rd1
Qc6 13. Qb2 d5 14. Bd3 b5 15. h4 f6 16. O-O e5 17. Bg3 Be6 18. c3 Nd7 19. Qe2
a6 20. e4 Nb6 21. Rfe1 Rac8 22. exd5 Bxd5 23. Bf5 Rc7 24. Rxd5 Nxd5 25. Qd3
Nxc3 26. Bxh7+ Kh8 27. Qf5 g5 28. hxg5 Rxh7 29. Rxe5 Ne2+ 30. Kf1 Nxg3+ 31.
fxg3 Qc1+ 32. Kf2 Qxg5 33. Qxg5 fxg5+ 34. Ke3 Rg7 35. Re6 Ra8 36. g4 a5 37. Rb6
axb4 38. axb4 Ra3+ 39. Kf2 Rf7+ 40. Kg1 Rf4 41. Rxb5 Rxg4 42. Rb7 Rb3 43. b5
Rgb4 44. Re7 Rxb5 45. Re4 Kg7 46. Kh2 Kf6 47. Re8 g4 48. Rg8 g3+ 0-1

[Event "Ajuinentornooi Aalst 2022"]
[Site "?"]
[Date "2022.06.01"]
[Round "8"]
[White "Van Zeebroeck, Sam"]
[Black "Temmerman, Hans"]
[Result "0-1"]
[ECO "C00"]
[WhiteElo "1750"]
[BlackElo "1727"]
[PlyCount "92"]
[EventDate "2022.??.??"]
[TimeControl "240+2"]

{600MB, Fritz10.ctg} 1. e4 e6 2. b3 d5 3. Bb2 dxe4 4. Nc3 Nf6 5. Qe2 Be7 6.
O-O-O c6 7. g4 Qa5 8. Bg2 Ba3 9. Nh3 h6 10. Bxe4 Na6 11. f4 Bd7 12. f5 O-O-O
13. Rhf1 Rhe8 14. Nf4 exf5 15. gxf5 Nc5 16. Qg2 Nfxe4 17. Qxg7 Nd6 18. Qxh6
Nxf5 19. Qf6 Re7 20. Nfd5 cxd5 21. Nxd5 Bxb2+ 22. Kxb2 Nd3+ 23. cxd3 Qxd5 24.
Rxf5 Bxf5 25. Qxe7 Qd4+ 26. Ka3 Qd6+ 27. Qxd6 Rxd6 28. h4 Rxd3 29. Rh1 Rxd2 30.
h5 Bh7 31. Rf1 f5 32. Rg1 Rh2 33. Kb4 Rxh5 34. Rg7 f4 35. Rf7 Bf5 36. Rg7 f3
37. Kc5 Be4+ 38. Kd4 Bc6 39. Rf7 Rh2 40. Ke5 Re2+ 41. Kd6 Rd2+ 42. Kc5 Rd5+ 43.
Kc4 Rd7 44. Rf6 Kc7 45. b4 Bd5+ 46. Kc5 Rf7 0-1

[Event "Ajuinentornooi Aalst 2022"]
[Site "?"]
[Date "2022.06.01"]
[Round "8"]
[White "Dhooge, Achiel"]
[Black "Goossens, Xavier"]
[Result "0-1"]
[ECO "D05"]
[WhiteElo "1591"]
[BlackElo "2052"]
[PlyCount "64"]
[EventDate "2022.??.??"]
[TimeControl "240+2"]

{600MB, Fritz10.ctg} 1. d4 d5 2. Nf3 Nf6 3. e3 e6 4. Bd3 c5 5. c3 Nc6 6. Nbd2
Qc7 7. O-O h6 8. e4 Be7 9. exd5 exd5 10. dxc5 O-O 11. Nb3 Bg4 12. Be3 Rfd8 13.
Qc1 Bxf3 14. gxf3 Ne5 15. Be2 Qd7 16. Kh1 Qh3 17. Nd4 Bxc5 18. Rg1 Bxd4 19. Rg3
Bxe3 20. Qg1 Bxf2 21. Qxf2 Qf5 22. Qe3 Nh5 23. Rg2 Nf4 24. Rf2 Nxe2 25. Qxe2
Re8 26. Rd1 Ng6 27. Qb5 Re5 28. Qxb7 Rae8 29. Rff1 Nf4 30. Qxa7 Re2 31. Rf2
Re1+ 32. Rf1 Qc2 0-1

[Event "Ajuinentornooi Aalst 2022"]
[Site "?"]
[Date "2022.06.01"]
[Round "8"]
[White "Londers, Jan"]
[Black "Roels, Frederik"]
[Result "1-0"]
[ECO "B99"]
[WhiteElo "1762"]
[BlackElo "1916"]
[PlyCount "91"]
[EventDate "2022.??.??"]
[TimeControl "240+2"]

{600MB, Fritz10.ctg} 1. e4 c5 2. Nf3 d6 3. d4 cxd4 4. Nxd4 Nf6 5. Nc3 a6 6. Bg5
e6 7. f4 Be7 8. Qf3 Qc7 9. O-O-O Nbd7 10. Bd3 h6 11. h4 b5 12. Bxf6 gxf6 13.
Qh5 Nc5 14. f5 b4 15. Nce2 e5 16. Nb3 Nxd3+ 17. Rxd3 Bb7 18. Qf3 a5 19. Kb1 a4
20. Nd2 Qa5 21. Nc1 Rc8 22. Rd1 Ba6 23. Rd5 Qc7 24. c3 a3 25. Ncb3 axb2 26. c4
Bxc4 27. Nxc4 Qxc4 28. Qd3 Qc3 29. Qe2 Rg8 30. R5d3 Qc4 31. Kxb2 h5 32. Rc1 Qa6
33. Rd2 Qa3+ 34. Kb1 Rxc1+ 35. Nxc1 Rg4 36. Rc2 Kf8 37. Rc8+ Kg7 38. Rc7 Bd8
39. Rd7 Qa5 40. Qc4 d5 41. Qc8 b3 42. Rxd8 bxa2+ 43. Ka1 Qd2 44. Rg8+ Kh6 45.
Rh8+ Kg7 46. Qg8# 1-0

[Event "Ajuinentornooi Aalst 2022"]
[Site "?"]
[Date "2022.06.01"]
[Round "8"]
[White "Lesaffer, Michel"]
[Black "De Reymaeker, Walter"]
[Result "1-0"]
[ECO "B23"]
[WhiteElo "1570"]
[BlackElo "1835"]
[PlyCount "101"]
[EventDate "2022.??.??"]
[TimeControl "240+2"]

{600MB, Fritz10.ctg} 1. e4 c5 2. Nc3 a6 3. f4 e6 4. Nf3 g6 5. a3 Bg7 6. Bc4 Ne7
7. d3 O-O 8. O-O b5 9. Ba2 Bb7 10. Qe1 d5 11. Kh1 Nbc6 12. Qh4 Nd4 13. Ne1 b4
14. Na4 Rc8 15. c3 Nb5 16. f5 exf5 17. exd5 bxc3 18. bxc3 Nxd5 19. Bg5 Bf6 20.
Bxf6 Qxf6 21. Qxf6 Nxf6 22. Bc4 Rfe8 23. Rb1 Bc6 24. Bxb5 Bxb5 25. Nb6 Rc6 26.
Nc4 Bxc4 27. dxc4 Ne4 28. Nf3 Nxc3 29. Rb7 h6 30. g4 f4 31. Nh4 Ne2 32. Kg2 g5
33. Nf5 Nd4 34. Ne7+ Rxe7 35. Rxe7 Rb6 36. Rf2 Rb3 37. Ra2 Kg7 38. Ra7 Rb6 39.
a4 Kg6 40. a5 Rd6 41. Rb7 Ne6 42. Rb6 Rd4 43. Rxa6 Rxc4 44. Rb6 h5 45. gxh5+
Kxh5 46. a6 f3+ 47. Kf2 Rh4 48. Kf1 f2 49. Rxe6 fxe6 50. a7 Rxh2 51. a8=Q 1-0

[Event "Ajuinentornooi Aalst 2022"]
[Site "?"]
[Date "2022.06.01"]
[Round "8"]
[White "Claeys, Pieter"]
[Black "De Meyer, Nicolas"]
[Result "1-0"]
[ECO "D36"]
[WhiteElo "1798"]
[BlackElo "1392"]
[PlyCount "93"]
[EventDate "2022.??.??"]
[TimeControl "240+2"]

{600MB, Fritz10.ctg} 1. d4 d5 2. c4 e6 3. Nc3 Nf6 4. cxd5 exd5 5. Bg5 Be7 6. e3
c6 7. Bd3 Nbd7 8. Qc2 O-O 9. Nge2 Re8 10. O-O Nf8 11. Rab1 Ne4 12. Bf4 Ng5 13.
b4 a6 14. a4 Bg4 15. b5 axb5 16. axb5 Bd6 17. Rfc1 Nge6 18. Bg3 Bh5 19. bxc6
bxc6 20. Na4 Bxe2 21. Bxe2 Bxg3 22. hxg3 Rc8 23. Rb3 Qe7 24. Bg4 Qg5 25. Bh3
Ng6 26. Rc3 Ne7 27. Nc5 Qh6 28. Nd7 Rc7 29. Ne5 Rec8 30. Qa4 g6 31. Nxc6 Nxc6
32. Rxc6 Rxc6 33. Rxc6 Rxc6 34. Qxc6 Qf8 35. Bxe6 fxe6 36. Qxe6+ Kg7 37. Qxd5
Qb4 38. Qe5+ Kh6 39. Qf4+ Kg7 40. d5 Qe1+ 41. Kh2 Qd1 42. e4 Qh5+ 43. Qh4 Qe2
44. Qe7+ Kh6 45. Qf8+ Kg5 46. Qf4+ Kh5 47. Qh4# 1-0

[Event "Ajuinentornooi Aalst 2022"]
[Site "?"]
[Date "2022.06.01"]
[Round "8"]
[White "Lanckriet, Chris"]
[Black "Doossche, Carlo"]
[Result "1-0"]
[ECO "C80"]
[WhiteElo "1986"]
[BlackElo "1594"]
[PlyCount "39"]
[EventDate "2022.??.??"]
[TimeControl "240+2"]

{600MB, Fritz10.ctg} 1. e4 e5 2. Nf3 Nc6 3. Bb5 a6 4. Ba4 Nf6 5. O-O Nxe4 6.
Re1 Nc5 7. Bxc6 bxc6 8. Nxe5 Be7 9. Qe2 Ne6 10. c3 O-O 11. d4 Bb7 12. f4 Bf6
13. f5 Bxe5 14. dxe5 Nc5 15. b4 Na4 16. f6 g6 17. Qe3 Kh8 18. Qh6 Rg8 19. Re3
Qf8 20. Qxh7+ 1-0

[Event "Ajuinentornooi Aalst 2022"]
[Site "?"]
[Date "2022.06.01"]
[Round "8"]
[White "De Smet, Frans"]
[Black "Cappelle, Gert-Jan"]
[Result "1/2-1/2"]
[ECO "A30"]
[WhiteElo "1699"]
[BlackElo "1569"]
[PlyCount "66"]
[EventDate "2022.??.??"]
[TimeControl "240+2"]

{600MB, Fritz10.ctg} 1. Nf3 Nf6 2. b3 g6 3. Bb2 Bg7 4. e3 c5 5. c4 Nc6 6. Be2
O-O 7. O-O e6 8. d4 cxd4 9. Nxd4 Nxd4 10. Bxd4 b6 11. Bf3 d5 12. cxd5 exd5 13.
Nc3 Bb7 14. Rc1 Ne4 15. Bxg7 Kxg7 16. Qd4+ Qf6 17. Rfd1 Rac8 18. Qxf6+ Kxf6 19.
Nxd5+ Bxd5 20. Rxc8 Rxc8 21. Rxd5 Rc1+ 22. Rd1 Rxd1+ 23. Bxd1 Nc3 24. Bf3 Nxa2
25. Kf1 Ke5 26. Ke1 Nc1 27. Bd1 Nd3+ 28. Ke2 Nc5 29. f3 f6 30. Kd2 a5 31. Kc3
Ne6 32. Kc4 Nc7 33. e4 g5 1/2-1/2

[Event "Ajuinentornooi Aalst 2022"]
[Site "?"]
[Date "2022.06.01"]
[Round "8"]
[White "Evens, Joris"]
[Black "Ponnet, Guy"]
[Result "0-1"]
[ECO "C00"]
[WhiteElo "1427"]
[BlackElo "1606"]
[PlyCount "62"]
[EventDate "2022.??.??"]
[TimeControl "240+2"]

{600MB, Fritz10.ctg} 1. e4 e6 2. d3 d5 3. Nd2 dxe4 4. Nxe4 Nf6 5. Bg5 Be7 6.
Ng3 h6 7. Be3 Nd5 8. Nf3 Bb4+ 9. Bd2 Nc6 10. c3 Bd6 11. d4 Bxg3 12. fxg3 Bd7
13. Bd3 Qe7 14. O-O O-O-O 15. Rb1 f6 16. b4 e5 17. b5 Nb8 18. Nh4 Qa3 19. Qf3
c6 20. c4 e4 21. Bxe4 Qxf3 22. Bxf3 Nc7 23. Ng6 Rhe8 24. b6 axb6 25. Rxb6 Bf5
26. Nh4 Bd3 27. Bg4+ Nd7 28. Bf4 Bxf1 29. Kxf1 g5 30. Bxd7+ Rxd7 31. Bxc7 Kxc7
0-1

[Event "Ajuinentornooi Aalst 2022"]
[Site "?"]
[Date "2022.06.01"]
[Round "8"]
[White "Van Lil, Robin"]
[Black "De Wolf, Bernard"]
[Result "1-0"]
[ECO "C28"]
[WhiteElo "1345"]
[BlackElo "1593"]
[PlyCount "89"]
[EventDate "2022.??.??"]
[TimeControl "240+2"]

{600MB, Fritz10.ctg} 1. e4 e5 2. Nc3 Nf6 3. f4 d6 4. Bc4 Be7 5. Nf3 Nc6 6. O-O
O-O 7. d3 a6 8. fxe5 dxe5 9. Nd5 Bc5+ 10. Kh1 h6 11. Nxf6+ gxf6 12. Bxh6 Kh7
13. Bxf8 Bxf8 14. Qe1 Bh6 15. Qh4 Be6 16. Nd2 Kg7 17. Bxe6 fxe6 18. Nc4 Qe7 19.
Rf3 Bg5 20. Qg3 Rh8 21. Raf1 Rh6 22. Ne3 Nd4 23. Rxf6 Rxf6 24. Qxg5+ Kf7 25.
Qh5+ Kg7 26. Qxe5 Nc6 27. Qxf6+ Qxf6 28. Rxf6 Kxf6 29. h4 Ne5 30. Kh2 Kg6 31.
Kh3 Kh5 32. g4+ Kg6 33. Kg3 c5 34. Kf4 Nc6 35. Nc4 Nd4 36. Ne5+ Kg7 37. c3 Ne2+
38. Kg5 Ng3 39. h5 Ne2 40. h6+ Kh7 41. Nf7 Kg8 42. Kf6 Nf4 43. g5 Kh7 44. d4 b6
45. Nd8 1-0

[Event "Ajuinentornooi Aalst 2022"]
[Site "?"]
[Date "2022.06.01"]
[Round "8"]
[White "Durieux, Frank"]
[Black "Pepermans, Jelle"]
[Result "1/2-1/2"]
[ECO "A48"]
[WhiteElo "1368"]
[BlackElo "1718"]
[PlyCount "81"]
[EventDate "2022.??.??"]
[TimeControl "240+2"]

{600MB, Fritz10.ctg} 1. d4 Nf6 2. Bf4 d6 3. e3 g6 4. Nf3 Bg7 5. h3 O-O 6. Be2
Nbd7 7. O-O c5 8. c3 a6 9. Nbd2 b5 10. a3 Bb7 11. b4 Nd5 12. Rc1 Nxf4 13. exf4
Qb6 14. Nb3 c4 15. Nbd2 Rac8 16. Nh2 Bh6 17. Bg4 f5 18. Bf3 d5 19. g3 Nf6 20.
Bg2 Qd6 21. Nhf3 Ne4 22. Ne5 Ra8 23. Nxe4 fxe4 24. Re1 a5 25. Qc2 axb4 26. axb4
Ra4 27. Ra1 Rfa8 28. Qb2 Bc8 29. Rxa4 Rxa4 30. Ra1 Qa6 31. Rxa4 Qxa4 32. Nc6
Kf7 33. Ne5+ Kf8 34. Nc6 g5 35. fxg5 Qd1+ 36. Kh2 Bxg5 37. Qa2 Bf5 38. Qa8+ Kf7
39. Ne5+ Kg7 40. Qxd5 Qh5 41. Qxb5 1/2-1/2

[Event "Ajuinentornooi Aalst 2022"]
[Site "?"]
[Date "2022.06.01"]
[Round "8"]
[White "Torfs, Gert"]
[Black "Cotman, Lothar"]
[Result "1-0"]
[ECO "B01"]
[WhiteElo "1617"]
[BlackElo "1246"]
[PlyCount "103"]
[EventDate "2022.??.??"]
[TimeControl "240+2"]

{600MB, Fritz10.ctg} 1. e4 d5 2. exd5 Nf6 3. d4 Bg4 4. Nf3 Nxd5 5. c4 Nf6 6.
Be2 e6 7. O-O Nc6 8. Be3 Be7 9. Nc3 O-O 10. Qd2 Bb4 11. Qd1 Bxc3 12. bxc3 Qe7
13. Rb1 b6 14. Qa4 Qd7 15. Rfd1 Nxd4 16. Qxd7 Nxe2+ 17. Kf1 Nxd7 18. Kxe2 Ne5
19. c5 Rad8 20. cxb6 axb6 21. Bf4 Bxf3+ 22. gxf3 f6 23. Rd4 Rd5 24. Rbd1 Rc5
25. Bxe5 Rxe5+ 26. Re4 Rxe4+ 27. fxe4 g5 28. a4 Kg7 29. Rd4 h5 30. c4 f5 31.
Rd7+ Rf7 32. Rxf7+ Kxf7 33. c5 Kf6 34. Kd3 Ke7 35. Kd4 Kf6 36. exf5 Kxf5 37.
Kc4 Kf4 38. cxb6 cxb6 39. Kb5 Kf3 40. Kxb6 Kxf2 41. a5 Kg2 42. a6 Kxh2 43. a7
g4 44. a8=Q g3 45. Qh8 g2 46. Qxh5+ Kg1 47. Kc5 Kf2 48. Qh4+ Ke2 49. Qg3 Kf1
50. Qf3+ Kg1 51. Kd4 Kh2 52. Qf2 1-0

[Event "Ajuinentornooi Aalst 2022"]
[Site "?"]
[Date "2022.06.01"]
[Round "8"]
[White "Van Der Voorde, Sonja"]
[Black "Heyvaert, Johan"]
[Result "1-0"]
[ECO "A36"]
[WhiteElo "1327"]
[BlackElo "1465"]
[PlyCount "55"]
[EventDate "2022.??.??"]
[TimeControl "240+2"]

{600MB, Fritz10.ctg} 1. c4 c5 2. Nc3 Nc6 3. g3 Nf6 4. Bg2 e6 5. e3 d5 6. cxd5
exd5 7. d4 cxd4 8. exd4 Bb4 9. Nge2 O-O 10. O-O h6 11. a3 Ba5 12. b4 Bb6 13.
Be3 Re8 14. Qb3 Be6 15. Na4 Bc7 16. Nc5 b6 17. Nxe6 Rxe6 18. Rac1 Ne7 19. Rc2
Nf5 20. Bh3 Nxe3 21. fxe3 Re7 22. Bg2 Qe8 23. Rxf6 gxf6 24. Bxd5 Rxe3 25. Bxf7+
Qxf7 26. Qxe3 Kg7 27. Qf3 Qd7 28. Qxa8 1-0

[Event "Ajuinentornooi Aalst 2022"]
[Site "?"]
[Date "2022.06.01"]
[Round "8"]
[White "Van Steen, Guido"]
[Black "Ruysseveldt, Sam"]
[Result "1-0"]
[ECO "C10"]
[WhiteElo "1381"]
[BlackElo "1119"]
[PlyCount "80"]
[EventDate "2022.??.??"]
[TimeControl "240+2"]

{600MB, Fritz10.ctg} 1. e4 e6 2. d4 d5 3. Nc3 dxe4 4. Nxe4 Bd7 5. Nf3 Bc6 6.
Bd3 Nd7 7. O-O Ngf6 8. Nxf6+ Qxf6 9. Be2 Bd6 10. Bg5 Qg6 11. Qd2 h6 12. Be3 O-O
13. c4 Bxf3 14. Bxf3 c6 15. d5 Ne5 16. Qe2 Rac8 17. dxc6 b6 18. Rfd1 Nxf3+ 19.
Qxf3 e5 20. Qd5 Rfd8 21. Qb5 Bc7 22. Rd7 Qg4 23. Qd5 Rxd7 24. Qxd7 Qxd7 25.
cxd7 Rd8 26. Rd1 Kf8 27. c5 Ke7 28. c6 Bd6 29. a4 Rb8 30. b4 Bc7 31. g3 Rf8 32.
f4 e4 33. Kg2 h5 34. Kh3 g6 35. Kh4 f5 36. Kg5 Kf7 37. Bd4 Bd8+ 38. Kh6 Rg8 39.
Be5 Bf6 40. Bxf6 Kxf6 1-0

[Event "Ajuinentornooi Aalst 2022"]
[Site "?"]
[Date "2022.06.01"]
[Round "8"]
[White "Schatteman, Sven"]
[Black "Lauwers, Rudi"]
[Result "0-1"]
[ECO "C00"]
[WhiteElo "1272"]
[BlackElo "1440"]
[PlyCount "42"]
[EventDate "2022.??.??"]
[TimeControl "240+2"]

{600MB, Fritz10.ctg} 1. e4 e6 2. c4 d5 3. cxd5 exd5 4. Nf3 dxe4 5. Qa4+ c6 6.
Qxe4+ Qe7 7. Qe2 Nf6 8. d3 Qxe2+ 9. Bxe2 Bb4+ 10. Nc3 O-O 11. a3 Ba5 12. b4 Bb6
13. O-O Bf5 14. Bb2 Nbd7 15. Rad1 Rfe8 16. d4 Rad8 17. Bc4 Bg4 18. Rd3 Bxf3 19.
Rxf3 Bxd4 20. Rd1 Ne5 21. Bxf7+ Kxf7 0-1

[Event "Ajuinentornooi Aalst 2022"]
[Site "?"]
[Date "2022.06.01"]
[Round "8"]
[White "Brys, Kristof"]
[Black "Feys, Jacques"]
[Result "1-0"]
[ECO "C65"]
[WhiteElo "1317"]
[BlackElo "1071"]
[PlyCount "35"]
[EventDate "2022.??.??"]
[TimeControl "240+2"]

{600MB, Fritz10.ctg} 1. e4 e5 2. Nf3 Nc6 3. Bb5 Bd6 4. O-O Nf6 5. Re1 O-O 6.
Nc3 Re8 7. d3 Bc5 8. h3 d5 9. Bg5 Re6 10. exd5 Rd6 11. dxc6 bxc6 12. Bc4 Bb4
13. Nxe5 Be6 14. Bb3 h6 15. Bh4 g5 16. Bg3 Nh5 17. Qxh5 Qf6 18. Ne4 1-0

[Event "Ajuinentornooi Aalst 2022"]
[Site "?"]
[Date "2022.06.01"]
[Round "8"]
[White "Ongenae, Veerle"]
[Black "Schamp, Johan"]
[Result "0-1"]
[ECO "D11"]
[WhiteElo "1304"]
[BlackElo "1292"]
[PlyCount "118"]
[EventDate "2022.??.??"]
[TimeControl "240+2"]

{600MB, Fritz10.ctg} 1. d4 d5 2. Nf3 Nf6 3. e3 Bg4 4. c4 c6 5. Nc3 e6 6. b3 Bd6
7. h3 Bh5 8. Be2 c5 9. O-O Nc6 10. cxd5 exd5 11. Bb2 b6 12. Qc2 a6 13. Rfe1 O-O
14. Rad1 Bg6 15. Bd3 Bxd3 16. Qxd3 Re8 17. dxc5 Bxc5 18. Nxd5 Nxd5 19. Qxd5
Qxd5 20. Rxd5 Nb4 21. Rd7 Rad8 22. Red1 Rxd7 23. Rxd7 f6 24. a4 Re7 25. Rd8+
Kf7 26. Nd4 Nd3 27. Bc3 a5 28. Nc6 Rc7 29. Nd4 Nc1 30. Nb5 Re7 31. Nd6+ Bxd6
32. Rxd6 Ne2+ 33. Kf1 Nxc3 34. Rd3 Ne4 35. Ke1 Ke6 36. Rd4 Nc5 37. Rc4 Rd7 38.
Ke2 Nxb3 39. Rc6+ Rd6 40. Rc2 Nc5 41. Rc4 Rd3 42. Rxc5 Rxe3+ 43. Kxe3 bxc5 44.
Kd3 Kd5 45. f3 h5 46. h4 g5 47. hxg5 fxg5 48. Kc3 g4 49. fxg4 hxg4 50. Kd3 c4+
51. Ke3 Kc5 52. Kd2 Kb4 53. Kc2 g3 54. Kb2 Kxa4 55. Kc3 Kb5 56. Kb2 Kb4 57. Kc2
c3 58. Kb1 Kb3 59. Ka1 Kc2 0-1